Blue Jackets vs Jets (R2)

Created - 21 janvier 2017 at 19:51

Goals
1 2 3 OT1 SO T
Blue Jackets 2 0 1 0 2 4
Jets 0 2 1 0 1 3
Shots
1 2 3 OT1 SO T
Blue Jackets 10 2 11 1 4 24
Jets 7 20 7 0 4 34

1st period

1. Blue Jackets , Pavel Datsyuk 15 (David Booth) at 5:25 (PP)
2. Blue Jackets , Jeff Taffe 4 (Mike Lundin, Branislav Mezei) at 19:15

Penalties :
Anton Volchenkov (Win) for Interference (Minor) at 5:11, Martin Havlat (Clb) for Holding (Minor) at 6:33, Pavel Datsyuk (Clb) for Tripping (Minor) at 14:27, Brooks Orpik (Clb) for Hooking (Minor) at 17:00, Mike Lundin (Clb) for Hooking (Minor) at 19:57

2nd period

3. Jets , Mikko Koivu 13 (Jussi Jokinen, Blake Wheeler) at 10:06 (PP)
4. Jets , Michael Rupp 10 (Eric Fehr, James Wright) at 11:29

Penalties :
Andreas Nodl (Clb) for Hooking (Minor) at 2:37, Mike Lundin (Clb) for Roughing (Minor) at 5:13, A.J Thelen (Clb) for Holding (Minor) at 5:17, Pavel Datsyuk (Clb) for Cross-checking (Minor) at 9:56, Mike Lundin (Clb) for Tripping (Minor) at 16:00, Brooks Orpik (Clb) for Tripping (Minor) at 17:58, A.J Thelen (Clb) for Cross-checking (Minor) at 18:32

3rd period

5. Jets , Michael Rupp 11 (Marco Scandella, Anton Volchenkov) at 1:25
6. Blue Jackets , Dave Steckel 6 (Marcus Nilson, Martin Havlat) at 10:03 (PP)

Penalties :
Martin Havlat (Clb) for Tripping (Minor) at 6:56, Jason Zucker (Win) for Tripping (Minor) at 9:26, Andrew Gordon (Clb) for Hooking (Minor) at 11:25, Derek Roy (Win) for Holding (Minor) at 16:10

Overtime #1

No Goal

Penalties :
No Penalty

Shootout

Penalty Shot by Pavel Datsyuk for Blue Jackets - Goal!
Penalty Shot by Dustin Brown for Jets - Stopped by Rick DiPietro
Penalty Shot by David Booth for Blue Jackets - Shot Misses the Net
Penalty Shot by Benoit Pouliot for Jets - Stopped by Rick DiPietro
Penalty Shot by Martin Havlat for Blue Jackets - Stopped by Jacob Markstrom
Penalty Shot by Derek Roy for Jets - Goal!
Penalty Shot by Marcus Nilson for Blue Jackets - Goal!
Penalty Shot by Blake Wheeler for Jets - Stopped by Rick DiPietro

Penalties :
No Penalty

Goalie Stats

Rick DiPietro (Clb), 31 saves from 34 shots - (0,912), W, 15-15-1, 65:00 minutes
Jacob Markstrom (Win), 21 saves from 24 shots - (0,875), OTL, 3-3-3, 65:00 minutes

Players Stats for Blue Jackets

Player Name              G  A  P  +/- PIM S  H  SB GA TA FO     MP     PP MP  PK MP  
------------------------------------------------------------------------------------
A.J Thelen               0  0  0   0  4   0  0  1  0  1  0/0    16:33   0:00   4:01 
Andreas Nodl             0  0  0   0  2   1  1  0  0  0  0/1    10:10   0:58   0:00 
Andrew Gordon            0  0  0   0  2   0  0  0  0  0  0/0     5:21   0:02   0:00 
Branislav Mezei          0  1  1   0  0   3  4  5  1  5  0/0    31:42   1:21  12:46 
Brooks Orpik             0  0  0   0  4   0  0  3  0  0  0/0    21:51   1:29   7:14 
Cory Emmerton            0  0  0   0  0   1  3  0  1  0  4/5     9:35   0:00   0:04 
Dave Steckel             1  0  1   0  0   2  2  0  2  0  5/9    12:55   0:58   1:42 
David Booth              0  1  1  -2  0   0  3  1  1  0  0/1    25:03   1:50   9:50 
François Beauchemin      0  0  0  -1  0   0  2  2  0  0  0/0    22:22   1:29   8:11 
Jason Ward               0  0  0   0  0   0  1  0  1  0  0/0     9:51   0:00   0:00 
Jeff Taffe               1  0  1   1  0   2  0  0  0  0  2/2    11:40   0:00   4:57 
Marcus Nilson            0  1  1   1  0   3  2  0  1  0  2/2    19:34   0:58   6:52 
Martin Havlat            0  1  1  -2  4   3  1  0  1  0  1/2    16:54   1:50   4:02 
Mattias Weinhandl        0  0  0   0  0   0  0  0  0  0  0/1     2:26   0:02   0:00 
Mike Commodore           0  0  0   0  0   1  0  2  0  1  0/0    12:32   0:00   0:48 
Mike Lundin              0  1  1   0  6   0  1  2  0  0  0/0    28:39   1:21   8:37 
Mike York                0  0  0   0  0   2  0  0  0  0  0/0    11:10   0:02   0:01 
Pavel Datsyuk            1  0  1  -2  4   6  0  0  1  0  16/37  27:31   1:50   9:59 

Players Stats for Jets

Player Name              G  A  P  +/- PIM S  H  SB GA TA FO     MP     PP MP  PK MP  
------------------------------------------------------------------------------------
Adam Pardy               0  0  0   0  0   1  1  0  0  0  0/0    14:19   0:18   1:19 
Anton Volchenkov         0  1  1   1  2   1  3  1  1  1  0/0    32:00  12:55   1:17 
Benoit Pouliot           0  0  0   0  0   5  4  0  1  1  1/1    26:39  12:10   0:29 
Blake Wheeler            0  1  1   0  0   0  2  0  0  0  0/0    19:26   8:19   1:47 
Derek Roy                0  0  0   0  2   3  1  0  1  1  17/36  26:12  12:10   0:03 
Derek Stepan             0  0  0  -1  0   4  1  0  0  0  0/2     9:12   0:08   0:14 
Dmitri Kalinin           0  0  0   0  0   2  3  1  0  1  0/0    29:51  12:47   1:06 
Dustin Brown             0  0  0   0  0   0  3  0  1  2  3/3    25:37  12:10   0:00 
Eric Fehr                0  1  1   1  0   2  0  0  0  0  0/0     7:23   0:08   0:00 
Greg Zanon               0  0  0   0  0   1  1  0  0  0  0/0    11:40   0:00   1:58 
James Wright             0  1  1   2  0   1  2  0  0  0  4/5     9:11   0:00   1:45 
Jason Zucker             0  0  0  -1  2   0  0  0  0  0  0/0     9:39   0:08   0:00 
Jussi Jokinen            0  1  1   0  0   0  1  0  0  0  2/3    18:26   8:19   0:00 
Lee Stempniak            0  0  0   0  0   3  1  0  0  1  0/0     7:55   0:00   0:00 
Marco Scandella          0  1  1   1  0   2  2  0  1  1  0/0    24:54   7:37   0:00 
Michael Rupp             2  0  2   2  0   4  0  0  1  0  0/0     8:00   0:00   0:34 
Mikko Koivu              1  0  1   0  0   2  3  0  1  0  3/10   19:28   8:19   0:48 
Tomas Kundratek          0  0  0   0  0   3  0  1  0  1  0/0    17:15   7:37   0:00 

3 Stars

1 - Michael Rupp (Win)
2 - Mikko Koivu (Win)
3 - Dave Steckel (Clb)

Power Play

Blue Jackets - 2 on 3 Attempt(s) - 66,67%
Jets - 1 on 13 Attempt(s) - 7,69%

Penalty Kill

Blue Jackets - 12 on 13 Attempt(s) - 92,31% - Score 0 goal in Penalty Kill
Jets - 1 on 3 Attempt(s) - 33,33% - Score 0 goal in Penalty Kill

Team Stat

Blue Jackets - Hits : 20 - Faceoff Wins : 30 - Blocked Shots : 16 - Penalty Minutes : 26
Jets - Hits : 28 - Faceoff Wins : 30 - Blocked Shots : 3 - Penalty Minutes : 6

Official

Referees : Walsh Ian and Watson Brad
Linesman : Steve Barton and Bryan Pancich

Game Notes

10:06 of 2nd period - Jets goal is going for a video replay. After video review, Goal.
Eric Fehr is injured at 15:46 of 3rd period (Left Eye)

Finance

Level 1 -- Attendance: 5865 (97,75%) -- Ticket Income 439 875 $
Level 2 -- Attendance: 4472 (89,44%) -- Ticket Income 223 600 $
Level 3 -- Attendance: 1967 (98,35%) -- Ticket Income 49 175 $
Level 4 -- Attendance: 3522 (88,05%) -- Ticket Income 63 396 $
Luxury Box -- Attendance: 938 (93,80%) -- Ticket Income 150 080 $
Game was played at the MTS Center.
Total Attendance: 16764 (93,13%)
Total Ticket Income: 926 126 $
Other Income: 138 919 $
Total Income: 1 065 045 $

Blue Jackets

5 vs 5 Forward 
   Center                   Left Wing                Right Wing               Time % Phy DF OF 
 1 Pavel Datsyuk            David Booth              Martin Havlat            40     1   2  2  
 2 Dave Steckel             Marcus Nilson            Andreas Nodl             30     1   2  2  
 3 Cory Emmerton            Mike York                Jason Ward               20     1   2  2  
 4 Pavel Datsyuk            Jeff Taffe               Andrew Gordon            10     1   2  2  

5 vs 5 Defense 
   Defense                  Defense                                           Time % Phy DF OF 
 1 Branislav Mezei          Mike Lundin                                       40     1   2  2  
 2 Brooks Orpik             François Beauchemin                               30     1   2  2  
 3 Mike Commodore           A.J Thelen                                        20     1   2  2  
 4 Branislav Mezei          Mike Lundin                                       10     1   2  2  

PowerPlay Forward 
   Center                   Left Wing                Right Wing               Time % Phy DF OF 
 1 Pavel Datsyuk            David Booth              Martin Havlat            60     1   2  2  
 2 Dave Steckel             Marcus Nilson            Andreas Nodl             40     1   2  2  

PowerPlay Defense
   Defense                  Defense                                           Time % Phy DF OF 
 1 Branislav Mezei          Mike Lundin                                       60     1   2  2  
 2 Brooks Orpik             François Beauchemin                               40     1   2  2  

Penalty Kill 4 Players Forward 
   Center                   Wing                     Time % Phy DF OF 
 1 Pavel Datsyuk            David Booth              60     1   2  2  
 2 Martin Havlat            Marcus Nilson            40     1   2  2  

Penalty Kill 4 Players Defense
   Defense                  Defense                  Time % Phy DF OF 
 1 Branislav Mezei          Mike Lundin              60     1   2  2  
 2 Brooks Orpik             François Beauchemin      40     1   2  2  

Penalty Kill - 3 Players Forward 
   Forward                                           Time % Phy DF OF 
 1 Pavel Datsyuk                                     60     1   2  2  
 2 David Booth                                       40     1   2  2  

Penalty Kill - 3 Players Defense
   Defense                  Defense                  Time % Phy DF OF 
 1 Branislav Mezei          Mike Lundin              60     1   2  2  
 2 Brooks Orpik             François Beauchemin      40     1   2  2  

4 vs 4 Forward 
   Center                   Wing                     Time % Phy DF OF 
 1 Pavel Datsyuk            David Booth              60     1   2  2  
 2 Martin Havlat            Marcus Nilson            40     1   2  2  

4 vs 4 Defense
   Defense                  Defense                  Time % Phy DF OF 
 1 Branislav Mezei          Mike Lundin              60     1   2  2  
 2 Brooks Orpik             François Beauchemin      40     1   2  2  

Last Minutes Offensive
   Center                   Left Wing                Right Wing               Defense                  Defense                  
   Pavel Datsyuk            David Booth              Martin Havlat            Branislav Mezei          Mike Lundin              

Last Minutes Defensive
   Center                   Left Wing                Right Wing               Defense                  Defense                  
   Pavel Datsyuk            David Booth              Martin Havlat            Branislav Mezei          Mike Lundin              

Goaltenders
Starting : Rick DiPietro            
Backup : Niklas Backstrom         

Extra Forwards
Normal : Mattias Weinhandl, Mike York, Jeff Taffe - PP : Mattias Weinhandl, Mike York - PK : Jeff Taffe
Extra Defensemen
Normal : Mike Commodore, A.J Thelen, Brooks Orpik - PP : Mike Commodore - PK : A.J Thelen, Brooks Orpik
Penalty Shots
Pavel Datsyuk, David Booth, Martin Havlat, Marcus Nilson, Mike York

Jets

5 vs 5 Forward 
   Center                   Left Wing                Right Wing               Time % Phy DF OF 
 1 Derek Roy                Benoit Pouliot           Dustin Brown             40     0   2  3  
 2 Mikko Koivu              Jussi Jokinen            Blake Wheeler            30     0   2  3  
 3 Derek Stepan             Jason Zucker             Lee Stempniak            15     0   2  3  
 4 James Wright             Michael Rupp             Eric Fehr                15     1   2  2  

5 vs 5 Defense 
   Defense                  Defense                                           Time % Phy DF OF 
 1 Anton Volchenkov         Marco Scandella                                   40     1   3  1  
 2 Dmitri Kalinin           Adam Pardy                                        30     1   3  1  
 3 Greg Zanon               Tomas Kundratek                                   20     1   2  2  
 4 Anton Volchenkov         Dmitri Kalinin                                    10     1   2  2  

PowerPlay Forward 
   Center                   Left Wing                Right Wing               Time % Phy DF OF 
 1 Derek Roy                Benoit Pouliot           Dustin Brown             60     0   0  5  
 2 Mikko Koivu              Jussi Jokinen            Blake Wheeler            40     0   0  5  

PowerPlay Defense
   Defense                  Defense                                           Time % Phy DF OF 
 1 Dmitri Kalinin           Anton Volchenkov                                  60     0   1  4  
 2 Tomas Kundratek          Marco Scandella                                   40     0   1  4  

Penalty Kill 4 Players Forward 
   Center                   Wing                     Time % Phy DF OF 
 1 James Wright             Blake Wheeler            60     0   4  1  
 2 Derek Roy                Michael Rupp             40     0   4  1  

Penalty Kill 4 Players Defense
   Defense                  Defense                  Time % Phy DF OF 
 1 Greg Zanon               Anton Volchenkov         60     0   5  0  
 2 Dmitri Kalinin           Adam Pardy               40     0   5  0  

Penalty Kill - 3 Players Forward 
   Forward                                           Time % Phy DF OF 
 1 Blake Wheeler                                     60     0   4  1  
 2 Dustin Brown                                      40     0   4  1  

Penalty Kill - 3 Players Defense
   Defense                  Defense                  Time % Phy DF OF 
 1 Greg Zanon               Anton Volchenkov         60     0   5  0  
 2 Marco Scandella          Dmitri Kalinin           40     0   5  0  

4 vs 4 Forward 
   Center                   Wing                     Time % Phy DF OF 
 1 Derek Roy                Benoit Pouliot           60     1   2  2  
 2 Mikko Koivu              Dustin Brown             40     1   2  2  

4 vs 4 Defense
   Defense                  Defense                  Time % Phy DF OF 
 1 Anton Volchenkov         Marco Scandella          60     1   2  2  
 2 Dmitri Kalinin           Greg Zanon               40     1   2  2  

Last Minutes Offensive
   Center                   Left Wing                Right Wing               Defense                  Defense                  
   Derek Roy                Benoit Pouliot           Dustin Brown             Anton Volchenkov         Dmitri Kalinin           

Last Minutes Defensive
   Center                   Left Wing                Right Wing               Defense                  Defense                  
   Derek Roy                Michael Rupp             Blake Wheeler            Greg Zanon               Anton Volchenkov         

Goaltenders
Starting : Jacob Markstrom          
Backup : Kari Lehtonen            

Extra Forwards
Normal : Dustin Brown, Benoit Pouliot, Derek Roy - PP : Dustin Brown, Derek Roy - PK : Derek Roy
Extra Defensemen
Normal : Dmitri Kalinin, Anton Volchenkov, Greg Zanon - PP : Dmitri Kalinin - PK : Dmitri Kalinin, Anton Volchenkov
Penalty Shots
Dustin Brown, Benoit Pouliot, Derek Roy, Blake Wheeler, Mikko Koivu

% Time on Ice - Blue Jackets

Lines # - Real PCT - Wanted PCT - Time Play
Normal Forward
1 - 27% - 40% - 10:02
2 - 33% - 30% - 12:11
3 - 26% - 20% - 9:29
4 - 13% - 10% - 4:51
Normal Defense
1 - 42% - 40% - 15:30
2 - 30% - 30% - 11:08
3 - 25% - 20% - 9:07
4 - 2% - 10% - 0:48
PP Forward
1 - 66% - 60% - 1:52
2 - 34% - 40% - 0:58
PP Defense
1 - 48% - 60% - 1:21
2 - 52% - 40% - 1:29
PK Forward
1 - 68% - 60% - 11:40
2 - 32% - 40% - 5:36
PK Defense
1 - 59% - 60% - 10:13
2 - 41% - 40% - 7:03
PK3 Forward
1 - 81% - 60% - 2:43
2 - 19% - 40% - 0:38
PK3 Defense
1 - 90% - 60% - 3:01
2 - 10% - 40% - 0:20
44 Forward
1 - 79% - 60% - 3:58
2 - 21% - 40% - 1:02
44 Defense
1 - 68% - 60% - 3:24
2 - 32% - 40% - 1:36
Last Minute Offensive  - 0:00
Last Minute Defensive  - 0:00
Total
Forward - 65:00
Defense - 65:00

% Time on Ice - Jets

Lines # - Real PCT - Wanted PCT - Time Play
Normal Forward
1 - 33% - 40% - 12:03
2 - 25% - 30% - 9:09
3 - 22% - 15% - 7:55
4 - 20% - 15% - 7:26
Normal Defense
1 - 41% - 40% - 14:58
2 - 37% - 30% - 13:24
3 - 21% - 20% - 7:46
4 - 1% - 10% - 0:25
PP Forward
1 - 60% - 60% - 12:18
2 - 40% - 40% - 8:19
PP Defense
1 - 63% - 60% - 13:00
2 - 37% - 40% - 7:37
PK Forward
1 - 80% - 60% - 2:16
2 - 20% - 40% - 0:34
PK Defense
1 - 69% - 60% - 1:58
2 - 31% - 40% - 0:52
PK3 Forward
1 - 0% - 60%
2 - 0% - 40%
PK3 Defense
1 - 0% - 60%
2 - 0% - 40%
44 Forward
1 - 91% - 60% - 4:32
2 - 9% - 40% - 0:28
44 Defense
1 - 61% - 60% - 3:04
2 - 39% - 40% - 1:56
Last Minute Offensive  - 0:00
Last Minute Defensive  - 0:00
Total
Forward - 65:00
Defense - 65:00

Play by Play

1st period


0:01 of 1st period - Derek Roy wins face-off versus Pavel Datsyuk in neutral zone.
1:34 of 1st period - Martin Havlat is hit by Greg Zanon and loses puck.
3:01 of 1st period - Wrist shot by Derek Roy.
3:01 of 1st period - Shot Blocked by Mike Lundin.
3:03 of 1st period - Slapshot by Adam Pardy.
3:03 of 1st period - Stopped by Rick DiPietro without a rebound.
3:04 of 1st period - Jussi Jokinen wins face-off versus Pavel Datsyuk in Blue Jackets zone.
3:47 of 1st period - Wrist shot by Marcus Nilson.
3:47 of 1st period - Shot Misses the Net.
5:00 of 1st period - Jason Zucker is hit by Marcus Nilson and loses puck.
5:11 of 1st period - Minor Penalty to Anton Volchenkov for Interference.
5:12 of 1st period - James Wright wins face-off versus Pavel Datsyuk in Jets zone.
5:25 of 1st period - Snap shot by David Booth.
5:25 of 1st period - Deflect By Pavel Datsyuk.
5:25 of 1st period - Goal by Pavel Datsyuk - Blue Jackets : 1 - Jets : 0.
5:26 of 1st period - Pavel Datsyuk wins face-off versus Derek Roy in neutral zone.
5:45 of 1st period - Icing by Branislav Mezei.
5:46 of 1st period - Pavel Datsyuk wins face-off versus Mikko Koivu in Blue Jackets zone.
5:46 of 1st period - Pavel Datsyuk is hit by Mikko Koivu.
6:02 of 1st period - Jussi Jokinen is hit by Branislav Mezei and loses puck.
6:11 of 1st period - Snap shot by Pavel Datsyuk.
6:11 of 1st period - Stopped by Jacob Markstrom with a rebound.
6:13 of 1st period - Wrist shot by Martin Havlat.
6:13 of 1st period - Stopped by Jacob Markstrom without a rebound.
6:14 of 1st period - Dave Steckel wins face-off versus Derek Roy in Jets zone.
6:17 of 1st period - Snap shot by Andreas Nodl.
6:17 of 1st period - Shot Misses the Net.
6:28 of 1st period - Off-side.
6:29 of 1st period - Jussi Jokinen wins face-off versus Pavel Datsyuk in neutral zone.
6:33 of 1st period - Minor Penalty to Martin Havlat for Holding.
6:34 of 1st period - Pavel Datsyuk wins face-off versus Derek Roy in Blue Jackets zone.
6:54 of 1st period - David Booth is hit by Benoit Pouliot and loses puck.
7:40 of 1st period - Off-side.
7:41 of 1st period - Jeff Taffe wins face-off versus Derek Roy in neutral zone.
7:48 of 1st period - Derek Roy is hit by Marcus Nilson.
8:33 of 1st period - Penalty to Martin Havlat is over, Martin Havlat is back on ice.
8:46 of 1st period - Slapshot by Eric Fehr.
8:46 of 1st period - Stopped by Rick DiPietro without a rebound.
8:47 of 1st period - Dave Steckel wins face-off versus Derek Stepan in Blue Jackets zone.
8:56 of 1st period - Brooks Orpik is hit by Lee Stempniak and loses puck.
9:13 of 1st period - Marco Scandella is hit by François Beauchemin and loses puck.
9:26 of 1st period - Slapshot by Dmitri Kalinin.
9:26 of 1st period - Shot Blocked by François Beauchemin.
9:30 of 1st period - Wrist shot by Lee Stempniak.
9:30 of 1st period - Stopped by Rick DiPietro without a rebound.
9:31 of 1st period - Marcus Nilson wins face-off versus Derek Roy in Blue Jackets zone.
9:46 of 1st period - Backhand shot by Marcus Nilson.
9:46 of 1st period - Shot Blocked by Tomas Kundratek.
10:19 of 1st period - Slapshot by Jason Ward.
10:19 of 1st period - Shot Misses the Net.
10:29 of 1st period - Mike Commodore is hit by James Wright and loses puck.
10:44 of 1st period - Wrist shot by Dave Steckel.
10:44 of 1st period - Deflect By Marcus Nilson.
10:44 of 1st period - Stopped by Jacob Markstrom with a rebound.
10:53 of 1st period - Andreas Nodl is hit by Dmitri Kalinin and loses puck.
11:37 of 1st period - Snap shot by Derek Stepan.
11:37 of 1st period - Stopped by Rick DiPietro with a rebound.
11:39 of 1st period - Slapshot by Greg Zanon.
11:39 of 1st period - Shot Misses the Net.
11:49 of 1st period - Snap shot by Cory Emmerton.
11:49 of 1st period - Stopped by Jacob Markstrom with a rebound.
11:51 of 1st period - Slapshot by Jason Ward.
11:51 of 1st period - Shot Misses the Net.
11:53 of 1st period - Wrist shot by Mike York.
11:53 of 1st period - Deflect By Greg Zanon.
11:53 of 1st period - Stopped by Jacob Markstrom without a rebound.
11:54 of 1st period - Cory Emmerton wins face-off versus Derek Roy in Jets zone.
12:22 of 1st period - Backhand shot by Branislav Mezei.
12:22 of 1st period - Stopped by Jacob Markstrom without a rebound.
12:23 of 1st period - Marcus Nilson wins face-off versus Jussi Jokinen in Jets zone.
12:49 of 1st period - Martin Havlat is hit by Adam Pardy and loses puck.
12:55 of 1st period - François Beauchemin is hit by Dmitri Kalinin and loses puck.
13:20 of 1st period - Snap shot by Michael Rupp.
13:20 of 1st period - Shot Misses the Net.
13:22 of 1st period - Slapshot by James Wright.
13:22 of 1st period - Stopped by Rick DiPietro with a rebound.
13:24 of 1st period - Wrist shot by James Wright.
13:24 of 1st period - Shot Misses the Net.
13:38 of 1st period - Slapshot by Andreas Nodl.
13:38 of 1st period - Shot Blocked by Anton Volchenkov.
14:21 of 1st period - Snap shot by Derek Roy.
14:21 of 1st period - Shot Misses the Net.
14:27 of 1st period - Minor Penalty to Pavel Datsyuk for Tripping.
14:28 of 1st period - Jeff Taffe wins face-off versus Derek Roy in Blue Jackets zone.
14:28 of 1st period - Jeff Taffe is hit by Dustin Brown.
14:42 of 1st period - Snap shot by Derek Roy.
14:42 of 1st period - Shot Misses the Net.
14:44 of 1st period - Snap shot by Tomas Kundratek.
14:44 of 1st period - Stopped by Rick DiPietro with a rebound.
14:58 of 1st period - Off-side.
14:59 of 1st period - Derek Roy wins face-off versus Dave Steckel in neutral zone.
15:12 of 1st period - Dmitri Kalinin is hit by Dave Steckel and loses puck.
16:27 of 1st period - Penalty to Pavel Datsyuk is over, Pavel Datsyuk is back on ice.
16:28 of 1st period - Backhand shot by Branislav Mezei.
16:28 of 1st period - Stopped by Jacob Markstrom without a rebound.
16:29 of 1st period - Cory Emmerton wins face-off versus Derek Roy in Jets zone.
17:00 of 1st period - Snap shot by David Booth.
17:00 of 1st period - Deflect By Pavel Datsyuk.
17:00 of 1st period - Stopped by Jacob Markstrom without a rebound.
17:00 of 1st period - Minor Penalty to Brooks Orpik for Hooking.
17:01 of 1st period - Pavel Datsyuk wins face-off versus Mikko Koivu in Blue Jackets zone.
17:10 of 1st period - Branislav Mezei is hit by Mikko Koivu and loses puck.
17:34 of 1st period - Dustin Brown is hit by Branislav Mezei and loses puck.
19:00 of 1st period - Penalty to Brooks Orpik is over, Brooks Orpik is back on ice.
19:11 of 1st period - Wrist shot by Branislav Mezei.
19:11 of 1st period - Shot Blocked by Dmitri Kalinin.
19:13 of 1st period - Slapshot by Mike Lundin.
19:13 of 1st period - Shot Misses the Net.
19:15 of 1st period - Wrist shot by Jeff Taffe.
19:15 of 1st period - Goal by Jeff Taffe - Blue Jackets : 2 - Jets : 0.
19:16 of 1st period - Pavel Datsyuk wins face-off versus Derek Roy in neutral zone.
19:18 of 1st period - François Beauchemin is hit by Anton Volchenkov and loses puck.
19:33 of 1st period - Wrist shot by Derek Roy.
19:33 of 1st period - Stopped by Rick DiPietro without a rebound.
19:34 of 1st period - Mikko Koivu wins face-off versus Cory Emmerton in Blue Jackets zone.
19:37 of 1st period - Snap shot by Mikko Koivu.
19:37 of 1st period - Shot Blocked by Mike Lundin.
19:57 of 1st period - Minor Penalty to Mike Lundin for Hooking.
19:58 of 1st period - Pavel Datsyuk wins face-off versus Derek Roy in Blue Jackets zone.
Goals for this period are 2 for Blue Jackets vs 0 for Jets.
Shots for this period are 10 for Blue Jackets vs 7 for Jets.

2nd period


0:01 of 2nd period - Derek Roy wins face-off versus Pavel Datsyuk in neutral zone.
0:26 of 2nd period - Blake Wheeler is hit by David Booth and loses puck.
0:35 of 2nd period - Wrist shot by Martin Havlat.
0:35 of 2nd period - Stopped by Jacob Markstrom with a rebound.
0:47 of 2nd period - Marcus Nilson is hit by Benoit Pouliot and loses puck.
1:57 of 2nd period - Penalty to Mike Lundin is over, Mike Lundin is back on ice.
2:28 of 2nd period - Slapshot by Mike Lundin.
2:28 of 2nd period - Shot Misses the Net.
2:30 of 2nd period - Slapshot by François Beauchemin.
2:30 of 2nd period - Shot Misses the Net.
2:37 of 2nd period - Minor Penalty to Andreas Nodl for Hooking.
2:38 of 2nd period - Pavel Datsyuk wins face-off versus Derek Roy in Blue Jackets zone.
3:04 of 2nd period - David Booth is hit by Marco Scandella and loses puck.
3:47 of 2nd period - Brooks Orpik is hit by Mikko Koivu and loses puck.
4:20 of 2nd period - Marcus Nilson is hit by Blake Wheeler and loses puck.
4:37 of 2nd period - Penalty to Andreas Nodl is over, Andreas Nodl is back on ice.
5:11 of 2nd period - Wrist shot by Derek Stepan.
5:11 of 2nd period - Stopped by Rick DiPietro with a rebound.
5:13 of 2nd period - Minor Penalty to Mike Lundin for Roughing.
5:14 of 2nd period - Derek Roy wins face-off versus Pavel Datsyuk in Blue Jackets zone.
5:15 of 2nd period - Snap shot by Benoit Pouliot.
5:15 of 2nd period - Stopped by Rick DiPietro with a rebound.
5:17 of 2nd period - Minor Penalty to A.J Thelen for Holding.
5:18 of 2nd period - Pavel Datsyuk wins face-off versus Derek Roy in Blue Jackets zone.
5:46 of 2nd period - Pavel Datsyuk is hit by Anton Volchenkov and loses puck.
5:59 of 2nd period - Backhand shot by Dmitri Kalinin.
5:59 of 2nd period - Shot Misses the Net.
6:37 of 2nd period - Backhand shot by Dmitri Kalinin.
6:37 of 2nd period - Shot Blocked by Mike Commodore.
6:39 of 2nd period - Slapshot by Dmitri Kalinin.
6:39 of 2nd period - Stopped by Rick DiPietro with a rebound.
6:41 of 2nd period - Snap shot by Derek Roy.
6:41 of 2nd period - Shot Misses the Net.
7:13 of 2nd period - Penalty to Mike Lundin is over, Mike Lundin is back on ice.
7:14 of 2nd period - Anton Volchenkov is hit by David Booth and loses puck.
7:17 of 2nd period - Penalty to A.J Thelen is over, A.J Thelen is back on ice.
7:35 of 2nd period - Slapshot by Lee Stempniak.
7:35 of 2nd period - Shot Misses the Net.
7:37 of 2nd period - Snap shot by Derek Stepan.
7:37 of 2nd period - Stopped by Rick DiPietro with a rebound.
7:39 of 2nd period - Slapshot by Marco Scandella.
7:39 of 2nd period - Stopped by Rick DiPietro with a rebound.
7:51 of 2nd period - Greg Zanon is hit by David Booth and loses puck.
8:12 of 2nd period - Mike Lundin is hit by Derek Stepan and loses puck.
8:23 of 2nd period - Snap shot by Derek Stepan.
8:23 of 2nd period - Stopped by Rick DiPietro with a rebound.
8:25 of 2nd period - Slapshot by Greg Zanon.
8:25 of 2nd period - Shot Blocked by Brooks Orpik.
8:27 of 2nd period - Backhand shot by Tomas Kundratek.
8:27 of 2nd period - Deflect By Branislav Mezei.
8:27 of 2nd period - Stopped by Rick DiPietro with a rebound.
8:29 of 2nd period - Slapshot by Greg Zanon.
8:29 of 2nd period - Shot Blocked by Brooks Orpik.
8:31 of 2nd period - Snap shot by Tomas Kundratek.
8:31 of 2nd period - Shot Blocked by Branislav Mezei.
9:03 of 2nd period - Snap shot by Lee Stempniak.
9:03 of 2nd period - Deflect By A.J Thelen.
9:03 of 2nd period - Stopped by Rick DiPietro with a rebound.
9:05 of 2nd period - Slapshot by Greg Zanon.
9:05 of 2nd period - Shot Blocked by Brooks Orpik.
9:07 of 2nd period - Snap shot by Tomas Kundratek.
9:07 of 2nd period - Stopped by Rick DiPietro with a rebound.
9:09 of 2nd period - Slapshot by Greg Zanon.
9:09 of 2nd period - Stopped by Rick DiPietro without a rebound.
9:10 of 2nd period - Mikko Koivu wins face-off versus Dave Steckel in Blue Jackets zone.
9:11 of 2nd period - Wrist shot by Jussi Jokinen.
9:11 of 2nd period - Shot Misses the Net.
9:27 of 2nd period - Dave Steckel is hit by Anton Volchenkov and loses puck.
9:56 of 2nd period - Minor Penalty to Pavel Datsyuk for Cross-checking.
9:57 of 2nd period - Mikko Koivu wins face-off versus Martin Havlat in Blue Jackets zone.
10:04 of 2nd period - Snap shot by Jussi Jokinen.
10:04 of 2nd period - Shot Misses the Net.
10:06 of 2nd period - Slapshot by Mikko Koivu.
10:06 of 2nd period - Jets goal is going for a video replay.
10:06 of 2nd period - The goal is good.
10:06 of 2nd period - Goal by Mikko Koivu - Blue Jackets : 2 - Jets : 1.
10:07 of 2nd period - Derek Roy wins face-off versus Dave Steckel in neutral zone.
11:29 of 2nd period - Slapshot by Michael Rupp.
11:29 of 2nd period - Goal by Michael Rupp - Blue Jackets : 2 - Jets : 2.
11:30 of 2nd period - Derek Roy wins face-off versus Pavel Datsyuk in neutral zone.
11:57 of 2nd period - Anton Volchenkov is hit by Andreas Nodl and loses puck.
12:21 of 2nd period - Snap shot by Michael Rupp.
12:21 of 2nd period - Stopped by Rick DiPietro with a rebound.
12:29 of 2nd period - Wrist shot by Michael Rupp.
12:29 of 2nd period - Stopped by Rick DiPietro without a rebound.
12:30 of 2nd period - Derek Roy wins face-off versus Pavel Datsyuk in Blue Jackets zone.
12:57 of 2nd period - Andreas Nodl is hit by Blake Wheeler and loses puck.
13:04 of 2nd period - Snap shot by Mikko Koivu.
13:04 of 2nd period - Stopped by Rick DiPietro without a rebound.
13:05 of 2nd period - Pavel Datsyuk wins face-off versus Mikko Koivu in Blue Jackets zone.
13:57 of 2nd period - Anton Volchenkov is hit by Cory Emmerton and loses puck.
14:26 of 2nd period - Wrist shot by Lee Stempniak.
14:26 of 2nd period - Stopped by Rick DiPietro without a rebound.
14:27 of 2nd period - Dave Steckel wins face-off versus Derek Roy in Blue Jackets zone.
15:03 of 2nd period - Snap shot by Derek Roy.
15:03 of 2nd period - Shot Misses the Net.
15:05 of 2nd period - Slapshot by Dmitri Kalinin.
15:05 of 2nd period - Stopped by Rick DiPietro with a rebound.
15:15 of 2nd period - Snap shot by Dustin Brown.
15:15 of 2nd period - Shot Blocked by Mike Commodore.
15:17 of 2nd period - Slapshot by Adam Pardy.
15:17 of 2nd period - Deflect By Benoit Pouliot.
15:17 of 2nd period - Shot Misses the Net.
15:17 of 2nd period - Puck is out of play.
15:18 of 2nd period - Pavel Datsyuk wins face-off versus Mikko Koivu in Blue Jackets zone.
15:45 of 2nd period - Mike York is hit by Marco Scandella and loses puck.
16:00 of 2nd period - Minor Penalty to Mike Lundin for Tripping.
16:01 of 2nd period - Dustin Brown wins face-off versus Pavel Datsyuk in Blue Jackets zone.
16:28 of 2nd period - Mikko Koivu is hit by Martin Havlat and loses puck.
16:33 of 2nd period - Wrist shot by Marcus Nilson.
16:33 of 2nd period - Stopped by Jacob Markstrom without a rebound.
16:34 of 2nd period - Pavel Datsyuk wins face-off versus Derek Roy in Jets zone.
16:41 of 2nd period - Snap shot by Pavel Datsyuk.
16:41 of 2nd period - Shot Misses the Net.
16:49 of 2nd period - Wrist shot by Tomas Kundratek.
16:49 of 2nd period - Deflect By Derek Roy.
16:49 of 2nd period - Shot Misses the Net.
16:49 of 2nd period - Puck is out of play.
16:50 of 2nd period - Pavel Datsyuk wins face-off versus Mikko Koivu in Blue Jackets zone.
17:58 of 2nd period - Minor Penalty to Brooks Orpik for Tripping.
17:59 of 2nd period - Derek Roy wins face-off versus Pavel Datsyuk in Blue Jackets zone.
18:00 of 2nd period - Penalty to Mike Lundin is over, Mike Lundin is back on ice.
18:03 of 2nd period - Snap shot by Benoit Pouliot.
18:03 of 2nd period - Shot Misses the Net.
18:05 of 2nd period - Slapshot by Anton Volchenkov.
18:05 of 2nd period - Shot Misses the Net.
18:07 of 2nd period - Snap shot by Anton Volchenkov.
18:07 of 2nd period - Shot Blocked by Branislav Mezei.
18:09 of 2nd period - Slapshot by Derek Roy.
18:09 of 2nd period - Shot Misses the Net.
18:11 of 2nd period - Snap shot by Dmitri Kalinin.
18:11 of 2nd period - Shot Blocked by A.J Thelen.
18:32 of 2nd period - Minor Penalty to A.J Thelen for Cross-checking.
18:33 of 2nd period - Derek Roy wins face-off versus Pavel Datsyuk in Blue Jackets zone.
18:33 of 2nd period - Snap shot by Benoit Pouliot.
18:33 of 2nd period - Stopped by Rick DiPietro without a rebound.
18:34 of 2nd period - Derek Roy wins face-off versus Pavel Datsyuk in Blue Jackets zone.
18:49 of 2nd period - Wrist shot by Benoit Pouliot.
18:49 of 2nd period - Shot Blocked by Branislav Mezei.
18:51 of 2nd period - Wrist shot by Anton Volchenkov.
18:51 of 2nd period - Stopped by Rick DiPietro without a rebound.
18:52 of 2nd period - Pavel Datsyuk wins face-off versus Mikko Koivu in Blue Jackets zone.
19:24 of 2nd period - Wrist shot by Benoit Pouliot.
19:24 of 2nd period - Stopped by Rick DiPietro without a rebound.
19:25 of 2nd period - Derek Roy wins face-off versus David Booth in Blue Jackets zone.
19:32 of 2nd period - Wrist shot by Dustin Brown.
19:32 of 2nd period - Shot Blocked by Branislav Mezei.
19:34 of 2nd period - Slapshot by Tomas Kundratek.
19:34 of 2nd period - Shot Blocked by David Booth.
19:36 of 2nd period - Slapshot by Marco Scandella.
19:36 of 2nd period - Shot Misses the Net.
19:38 of 2nd period - Slapshot by Tomas Kundratek.
19:38 of 2nd period - Deflect By Dustin Brown.
19:38 of 2nd period - Shot Misses the Net.
19:38 of 2nd period - Puck is out of play.
19:39 of 2nd period - Dustin Brown wins face-off versus Pavel Datsyuk in Blue Jackets zone.
19:58 of 2nd period - Penalty to Brooks Orpik is over, Brooks Orpik is back on ice.
Goals for this period are 0 for Blue Jackets vs 2 for Jets.
Shots for this period are 2 for Blue Jackets vs 20 for Jets.

3rd period


0:01 of 3rd period - Pavel Datsyuk wins face-off versus Derek Roy in neutral zone.
0:27 of 3rd period - Dustin Brown is hit by Branislav Mezei and loses puck.
0:32 of 3rd period - Penalty to A.J Thelen is over, A.J Thelen is back on ice.
0:44 of 3rd period - Slapshot by Derek Roy.
0:44 of 3rd period - Stopped by Rick DiPietro with a rebound.
0:46 of 3rd period - Slapshot by Derek Roy.
0:46 of 3rd period - Deflect By Benoit Pouliot.
0:46 of 3rd period - Stopped by Rick DiPietro without a rebound.
0:47 of 3rd period - Cory Emmerton wins face-off versus Mikko Koivu in Blue Jackets zone.
1:21 of 3rd period - Snap shot by Anton Volchenkov.
1:21 of 3rd period - Shot Misses the Net.
1:23 of 3rd period - Wrist shot by Marco Scandella.
1:23 of 3rd period - Deflect By Martin Havlat.
1:23 of 3rd period - Stopped by Rick DiPietro with a rebound.
1:25 of 3rd period - Snap shot by Michael Rupp.
1:25 of 3rd period - Goal by Michael Rupp - Blue Jackets : 2 - Jets : 3.
1:26 of 3rd period - Derek Roy wins face-off versus Pavel Datsyuk in neutral zone.
1:37 of 3rd period - Snap shot by Pavel Datsyuk.
1:37 of 3rd period - Stopped by Jacob Markstrom without a rebound.
1:38 of 3rd period - Derek Roy wins face-off versus Pavel Datsyuk in Jets zone.
2:12 of 3rd period - Wrist shot by Eric Fehr.
2:12 of 3rd period - Stopped by Rick DiPietro without a rebound.
2:13 of 3rd period - James Wright wins face-off versus Dave Steckel in Blue Jackets zone.
2:38 of 3rd period - Jason Ward is hit by James Wright and loses puck.
2:45 of 3rd period - Adam Pardy is hit by Jason Ward.
2:59 of 3rd period - Wrist shot by Benoit Pouliot.
2:59 of 3rd period - Deflect By Pavel Datsyuk.
2:59 of 3rd period - Stopped by Rick DiPietro with a rebound.
3:45 of 3rd period - Snap shot by Pavel Datsyuk.
3:45 of 3rd period - Stopped by Jacob Markstrom without a rebound.
3:46 of 3rd period - Dave Steckel wins face-off versus Derek Roy in Jets zone.
3:51 of 3rd period - Slapshot by Andreas Nodl.
3:51 of 3rd period - Stopped by Jacob Markstrom without a rebound.
3:52 of 3rd period - Derek Roy wins face-off versus Andreas Nodl in Jets zone.
3:57 of 3rd period - Slapshot by Tomas Kundratek.
3:57 of 3rd period - Shot Misses the Net.
3:59 of 3rd period - Slapshot by Derek Roy.
3:59 of 3rd period - Shot Misses the Net.
4:01 of 3rd period - Slapshot by Greg Zanon.
4:01 of 3rd period - Shot Hit the Post.
4:09 of 3rd period - Snap shot by Derek Roy.
4:09 of 3rd period - Stopped by Rick DiPietro with a rebound.
5:22 of 3rd period - Wrist shot by Jeff Taffe.
5:22 of 3rd period - Stopped by Jacob Markstrom with a rebound.
5:32 of 3rd period - Jussi Jokinen is hit by François Beauchemin.
5:43 of 3rd period - David Booth is hit by Jussi Jokinen.
5:55 of 3rd period - James Wright is hit by Cory Emmerton and loses puck.
6:23 of 3rd period - Mike Commodore is hit by Benoit Pouliot and loses puck.
6:56 of 3rd period - Minor Penalty to Martin Havlat for Tripping.
6:57 of 3rd period - Pavel Datsyuk wins face-off versus Derek Roy in Blue Jackets zone.
6:57 of 3rd period - Pavel Datsyuk is hit by Benoit Pouliot.
7:24 of 3rd period - Tomas Kundratek is hit by Mike Lundin and loses puck.
8:56 of 3rd period - Penalty to Martin Havlat is over, Martin Havlat is back on ice.
9:08 of 3rd period - Martin Havlat is hit by Dmitri Kalinin and loses puck.
9:26 of 3rd period - Minor Penalty to Jason Zucker for Tripping.
9:27 of 3rd period - James Wright wins face-off versus Pavel Datsyuk in Jets zone.
10:03 of 3rd period - Wrist shot by Marcus Nilson.
10:03 of 3rd period - Deflect By Dave Steckel.
10:03 of 3rd period - Goal by Dave Steckel - Blue Jackets : 3 - Jets : 3.
10:04 of 3rd period - Derek Roy wins face-off versus Pavel Datsyuk in neutral zone.
10:54 of 3rd period - Mikko Koivu is hit by Cory Emmerton and loses puck.
11:25 of 3rd period - Minor Penalty to Andrew Gordon for Hooking.
11:26 of 3rd period - Derek Roy wins face-off versus Pavel Datsyuk in Blue Jackets zone.
12:12 of 3rd period - Snap shot by Marcus Nilson.
12:12 of 3rd period - Stopped by Jacob Markstrom with a rebound.
12:38 of 3rd period - Mike Lundin is hit by Dustin Brown and loses puck.
13:25 of 3rd period - Penalty to Andrew Gordon is over, Andrew Gordon is back on ice.
13:40 of 3rd period - Snap shot by Mike York.
13:40 of 3rd period - Shot Misses the Net.
13:42 of 3rd period - Slapshot by Mike Commodore.
13:42 of 3rd period - Stopped by Jacob Markstrom without a rebound.
13:43 of 3rd period - Dave Steckel wins face-off versus Derek Stepan in Jets zone.
13:49 of 3rd period - Snap shot by Dave Steckel.
13:49 of 3rd period - Stopped by Jacob Markstrom with a rebound.
13:51 of 3rd period - Snap shot by Marcus Nilson.
13:51 of 3rd period - Shot Misses the Net.
14:52 of 3rd period - Snap shot by Pavel Datsyuk.
14:52 of 3rd period - Stopped by Jacob Markstrom with a rebound.
14:54 of 3rd period - Wrist shot by Pavel Datsyuk.
14:54 of 3rd period - Shot Misses the Net.
14:58 of 3rd period - Wrist shot by Andrew Gordon.
14:58 of 3rd period - Shot Misses the Net.
15:45 of 3rd period - Eric Fehr is hit by Dave Steckel and loses puck.
15:46 of 3rd period - Eric Fehr from Jets is injured at 15:46 of 3rd period (Left Eye).
15:47 of 3rd period - Martin Havlat wins face-off versus Derek Roy in Jets zone.
15:56 of 3rd period - Wrist shot by Martin Havlat.
15:56 of 3rd period - Stopped by Jacob Markstrom with a rebound.
16:10 of 3rd period - Minor Penalty to Derek Roy for Holding.
16:11 of 3rd period - James Wright wins face-off versus Pavel Datsyuk in Jets zone.
18:10 of 3rd period - Penalty to Derek Roy is over, Derek Roy is back on ice.
18:11 of 3rd period - Derek Roy is hit by Branislav Mezei and loses puck.
18:20 of 3rd period - Snap shot by Mike York.
18:20 of 3rd period - Stopped by Jacob Markstrom with a rebound.
18:22 of 3rd period - Slapshot by Mike Commodore.
18:22 of 3rd period - Shot Misses the Net.
18:24 of 3rd period - Slapshot by A.J Thelen.
18:24 of 3rd period - Shot Misses the Net.
18:45 of 3rd period - Off-side.
18:46 of 3rd period - Dustin Brown wins face-off versus Mattias Weinhandl in neutral zone.
19:13 of 3rd period - Wrist shot by Dustin Brown.
19:13 of 3rd period - Deflect By Michael Rupp.
19:13 of 3rd period - Shot Blocked by Branislav Mezei.
19:13 of 3rd period - Puck is out of play.
19:14 of 3rd period - Cory Emmerton wins face-off versus James Wright in Blue Jackets zone.
19:25 of 3rd period - Slapshot by Dustin Brown.
19:25 of 3rd period - Shot Blocked by François Beauchemin.
Goals for this period are 1 for Blue Jackets vs 1 for Jets.
Shots for this period are 11 for Blue Jackets vs 7 for Jets.

Overtime #1


0:01 of 1st overtime period - Pavel Datsyuk wins face-off versus Derek Roy in neutral zone.
0:06 of 1st overtime period - Slapshot by Pavel Datsyuk.
0:06 of 1st overtime period - Deflect By Anton Volchenkov.
0:06 of 1st overtime period - Shot Misses the Net.
0:06 of 1st overtime period - Puck is out of play.
0:07 of 1st overtime period - Derek Roy wins face-off versus Pavel Datsyuk in Jets zone.
0:22 of 1st overtime period - Snap shot by Benoit Pouliot.
0:22 of 1st overtime period - Deflect By Derek Roy.
0:22 of 1st overtime period - Shot Misses the Net.
0:22 of 1st overtime period - Puck is out of play.
0:23 of 1st overtime period - Benoit Pouliot wins face-off versus Pavel Datsyuk in Blue Jackets zone.
0:36 of 1st overtime period - Pavel Datsyuk is hit by Derek Roy and loses puck.
1:03 of 1st overtime period - Wrist shot by Branislav Mezei.
1:03 of 1st overtime period - Stopped by Jacob Markstrom with a rebound.
1:37 of 1st overtime period - Mike Lundin is hit by Dustin Brown and loses puck.
Goals for this period are 0 for Blue Jackets vs 0 for Jets.
Shots for this period are 1 for Blue Jackets vs 0 for Jets.

ShootOut


5:00 of 1st overtime period - Penalty Shot by Pavel Datsyuk for Blue Jackets.
5:00 of 1st overtime period - Deke by Pavel Datsyuk.
5:00 of 1st overtime period - Goal by Pavel Datsyuk.
5:00 of 1st overtime period - Penalty Shot by Dustin Brown for Jets.
5:00 of 1st overtime period - Deke by Dustin Brown.
5:00 of 1st overtime period - Stopped by Rick DiPietro.
5:00 of 1st overtime period - Penalty Shot by David Booth for Blue Jackets.
5:00 of 1st overtime period - Deke by David Booth.
5:00 of 1st overtime period - Shot Misses the Net.
5:00 of 1st overtime period - Penalty Shot by Benoit Pouliot for Jets.
5:00 of 1st overtime period - Deke by Benoit Pouliot.
5:00 of 1st overtime period - Stopped by Rick DiPietro.
5:00 of 1st overtime period - Penalty Shot by Martin Havlat for Blue Jackets.
5:00 of 1st overtime period - Wrist shot by Martin Havlat.
5:00 of 1st overtime period - Stopped by Jacob Markstrom.
5:00 of 1st overtime period - Penalty Shot by Derek Roy for Jets.
5:00 of 1st overtime period - Wrist shot by Derek Roy.
5:00 of 1st overtime period - Goal by Derek Roy.
5:00 of 1st overtime period - Penalty Shot by Marcus Nilson for Blue Jackets.
5:00 of 1st overtime period - Snap shot by Marcus Nilson.
5:00 of 1st overtime period - Goal by Marcus Nilson.
5:00 of 1st overtime period - Penalty Shot by Blake Wheeler for Jets.
5:00 of 1st overtime period - Backhand shot by Blake Wheeler.
5:00 of 1st overtime period - Stopped by Rick DiPietro.